 Dungeon Crawl Stone Soup version 0.30-a0-241-g1121274140 (webtiles) character file.

Game seed: 11521757156258572055

232498 GreatBamboolord the Tortoise (level 18, -1/179 HPs)
             Began as an Armataur Fighter on Aug 21, 2022.
             Was the Champion of Okawaru.
             Slain by a spark wasp (7 damage)
             ... on level 1 of the Depths on Oct 11, 2022.
             The game lasted 02:08:09 (49855 turns).

GreatBamboolord the Tortoise (Armataur Fighter)    Turns: 49855, Time: 02:08:09

Health: -1/179     AC: 31    Str: 29    XL:     18   Next: 82%
Magic:  25/25      EV:  5    Int:  9    God:    Okawaru [******]
Gold:   1812       SH: 22    Dex: 10    Spells: 17/17 levels left

rFire   + + .      SeeInvis +    a - +8 mithril axe "Arga" {speed, Will+}
rCold   + + .      Faith    .    h - +1 kite shield
rNeg    + . .      Spirit   .    Z - +3 plate armour of Nighyod {Will+ rCorr}
rPois   +          Reflect  +    w - -2 hat of the Alchemist {rElec rPois rF+ rC+ rN+ Will+ rMut rCorr}
rElec   +          Harm     .    c - scarf {repulsion}
rCorr   +          Rampage  .    x - +2 pair of gloves
rMut    +                        j - +2 barding {rC+}
Will    +++++                    P - amulet of reflection
Stlth   ..........               I - ring of willpower
HPRegen 0.49/turn                v - ring of protection from fire
MPRegen 0.19/turn

@: studying Translocations, repel missiles
A: large, rugged brown scales 3, see invisible, deformed body, roll 1, armoured
tail, reflexive curl, large bone plates 1, shaggy fur 1
}: 1/15 runes: serpentine
a: Renounce Religion, Heroism, Finesse, Duel


You were on level 1 of the Depths.
You worshipped Okawaru.
Okawaru was exalted by your worship.
You visited 8 branches of the dungeon, and saw 33 of its levels.
You visited 1 bazaar.
You also visited: Gauntlet and Volcano.

You collected 4738 gold pieces.
You spent 2926 gold pieces at shops.

Inventory:

Hand Weapons
 a - the +8 mithril axe "Arga" (weapon) {speed, Will+}
   (Okawaru gifted it to you on level 3 of the Swamp)

   Attacks with this weapon are significantly faster.
   Will:      It increases your willpower.
 b - the +10 mace "Retujapi" {vorpal, rC+ rCorr Int+6}
   (You found it on level 5 of the Lair of Beasts)

   It inflicts extra damage upon your enemies.
   Int:       It affects your intelligence (+6).
   rC:        It protects you from cold.
   rCorr:     It protects you from acid and corrosion.
 z - a +4 vorpal broad axe
 L - the +6 morningstar of the Uplifting Firefly {pain, rF++}
   (You found it on level 1 of the Lair of Beasts)

   In the hands of one skilled in necromantic magic, it inflicts extra damage on
   living creatures.
   rF:        It greatly protects you from fire.
 O - the +4 hand crossbow of the Maze {penet, rPois rC+}
   (Okawaru gifted it to you on level 4 of the Lair of Beasts)

   Any ammunition fired by it passes through the targets it hits, potentially
   hitting all targets in its path until it reaches maximum range.
   rC:        It protects you from cold.
   rPois:     It protects you from poison.
 V - the +8 trident "Concordance" {speed, rC+ rN+}
   (You found it on level 6 of the Dungeon)

   Attacks with this weapon are significantly faster.
   rC:        It protects you from cold.
   rN:        It protects you from negative energy.
Missiles
 y - 6 boomerangs of dispersal
 K - 2 throwing nets
Armour
 c - a scarf of repulsion (worn)
 h - a +1 kite shield (worn)
 j - a +2 barding of cold resistance (worn)
 l - a +4 chain mail of positive energy
 w - the -2 hat of the Alchemist (worn) {rElec rPois rF+ rC+ rN+ Will+ rMut rCorr}
   (You bought it in a shop on level 4 of the Snake Pit)

   rF:        It protects you from fire.
   rC:        It protects you from cold.
   rElec:     It insulates you from electricity.
   rPois:     It protects you from poison.
   rN:        It protects you from negative energy.
   rCorr:     It protects you from acid and corrosion.
   rMut:      It protects you from mutation.
   Will:      It increases your willpower.
 x - a +2 pair of gloves (worn)
 Y - the +0 barding of Dishonour {rC+++ Will+ rCorr Int-5}
   (Okawaru gifted it to you on level 2 of the Orcish Mines)

   Int:       It affects your intelligence (-5).
   rC:        It renders you almost immune to cold.
   rCorr:     It protects you from acid and corrosion.
   Will:      It increases your willpower.
 Z - the +3 plate armour of Nighyod (worn) {Will+ rCorr}
   (Okawaru gifted it to you on level 14 of the Dungeon)

   rCorr:     It protects you from acid and corrosion.
   Will:      It increases your willpower.
Jewellery
 n - the amulet "Vuxzoga" {RegenMP rPois rF- rCorr Str+3}
   (You found it on level 2 of the Dungeon)

   [amulet of magic regeneration]

   It increases your rate of magic regeneration.
   Str:       It affects your strength (+3).
   rF:        It makes you vulnerable to fire.
   rPois:     It protects you from poison.
   rCorr:     It protects you from acid and corrosion.
 v - a ring of protection from fire (right hand)
 B - a ring of flight
 I - a ring of willpower (left hand)
 P - an amulet of reflection (around neck)
 Q - the ring "Iwnu" {MP+9 Str+4 SInv}
   (You found it in a Gauntlet)

   [ring of magical power]

   Str:       It affects your strength (+4).
   MP:        It affects your magic capacity (+9).
   SInv:      It lets you see invisible.
Wands
 E - a wand of quicksilver (13)
 F - a wand of roots (35) (quivered)
 J - a wand of digging (7)
 N - a wand of flame (61)
 T - a wand of paralysis (10)
 X - a wand of polymorph (29)
Scrolls
 e - 6 scrolls of magic mapping
 f - 5 scrolls of immolation
 g - 2 scrolls of blinking
 m - 3 scrolls of teleportation
 o - 5 scrolls of vulnerability
 p - 3 scrolls of fear
 s - 4 scrolls of poison
 A - 5 scrolls of silence
 D - 3 scrolls of amnesia
 G - a scroll of enchant armour
 H - 15 scrolls of identify
 U - 2 scrolls of torment
 W - a scroll of enchant weapon
Potions
 d - 7 potions of might
 i - 6 potions of lignification
 k - 8 potions of attraction
 r - 3 potions of brilliance
 t - 9 potions of ambrosia
 u - 8 potions of mutation
 C - 3 potions of magic
 M - 4 potions of cancellation
 R - 2 potions of haste
 S - 4 potions of resistance


   Skills:
 * Level 16.6 Fighting
 * Level 17.0 Axes
 - Level 18.6 Armour
 * Level 3.4 Dodging
 + Level 15.2 Shields
 - Level 9.6 Invocations


You had 17 spell levels left.
You didn't know any spells.
Your spell library contained the following spells:

 Spells                   Type           Power      Damage    Failure   Level
 Freeze                   Ice            0%         1d3       96%         1
 Kiss of Death            Conj/Necr      0%         2d5       96%         1
 Cigotuvi's Dreadful Rot  Necr/Pois/Air  0%         N/A       99%         2
 Ensorcelled Hibernation  Hex/Ice        0%         N/A       99%         2
 Passwall                 Tmut/Erth      0%         N/A       99%         2
 Static Discharge         Conj/Air       0%         2-2/arc   99%         2
 Confusing Touch          Hex            0%         N/A       100%        3
 Frozen Ramparts          Ice            0%         1d1       100%        3
 Hailstorm                Conj/Ice       0%         3d3       100%        3
 Mephitic Cloud           Conj/Pois/Air  0%         N/A       100%        3
 Spider Form              Tmut/Pois      0%         N/A       100%        3
 Stone Arrow              Conj/Erth      0%         3d7       100%        3
 Anguish                  Hex/Necr       0%         N/A       100%        4
 Dispel Undead            Necr           0%         3d6       100%        4
 Fulminant Prism          Conj/Hex       0%         3d6       100%        4
 Ice Form                 Ice/Tmut       0%         N/A       100%        4
 Iskenderun's Mystic Bla  Conj/Tloc      0%         2d3       100%        4
 Passage of Golubria      Tloc           0%         N/A       100%        4
 Sticky Flame             Conj/Fire      0%         2d3       100%        4
 Lee's Rapid Deconstruct  Erth           0%         3d5*      100%        5
 Yara's Violent Unravell  Hex/Tmut       0%         3d3       100%        5
 Statue Form              Tmut/Erth      0%         N/A       100%        6
 Conjure                  Flame          N/A        N/A       100%        7
 Lehudib's Crystal Spear  Conj/Erth      0%         10d2      100%        8
 Chain Lightning          Conj/Air       0%         N/A       100%        9
 Summon Small Mammal      Summ           Unusable   N/A       N/A         1
 Call Canine Familiar     Summ           Unusable   N/A       N/A         3
 Summon Guardian Golem    Hex/Summ       Unusable   N/A       N/A         3
 Tukima's Dance           Hex            Unusable   N/A       N/A         3
 Animate Armour           Summ/Erth      Unusable   N/A       N/A         4
 Summon Ice Beast         Ice/Summ       Unusable   N/A       N/A         4
 Death Channel            Necr           Unusable   N/A       N/A         6
 Summon Hydra             Summ           Unusable   N/A       N/A         7
 Dragon's Call            Summ           Unusable   N/A       N/A         9

Dungeon Overview and Level Annotations

Branches:
Dungeon (15/15)            Temple (1/1) D:4            Lair (5/5) D:8
  Swamp (4/4) Lair:2        Snake (4/4) Lair:2        Slime (0/5) Lair:4
    Orc (2/2) D:11            Elf (1/3) Orc:2        Vaults (0/5) D:13
 Depths (1/4) D:15        Volcano (visited)         Gauntlet (visited)

Altars:
Ashenzari
Cheibriados
Dithmenos
Elyvilon
Fedhas
Gozag
Hepliaklqana
Kikubaaqudgha
Makhleb
Nemelex Xobeh
Okawaru
Qazlal
Ru
Sif Muna
Trog
Uskayaw
Vehumet
Wu Jian
Xom
Yredelemnul
Zin
The Shining One

Shops:
D:2 *   D:6 ?   D:9 *   D:14 :   Orc:2 =([(   Snake:4 [

Portals:
Pandemonium: Depths:1
Ziggurat: Depths:1

Annotations:
Lair:4 1 runed translucent door, exclusion: 3 oklob plants, Deankoak's ghost, journeyman DrCK
Snake:2 exclusion: oklob plant
Depths:1 3 runed translucent doors, Ceefagg's ghost, adept MiGl


Innate Abilities, Weirdness & Mutations

You are completely covered in rugged brown scales. (AC +3, +7% HP)
You have supernaturally acute eyesight. (SInv)
Armour fits poorly on your strangely shaped body.
You can roll at nearby foes to attack.
You have a long armoured tail.
You curl defensively after being hit. (AC +7*)
You are partially covered in large bone plates. (SH +4)
You are covered in fur. (AC +1)


Message History

As you read the scroll of teleportation, it crumbles to dust.
You feel strangely unstable. The spark wasp stings you!
* * * LOW HITPOINT WARNING * * *
The spark wasp shocks you. You resist.
* * * LOW HITPOINT WARNING * * *
You block the spark wasp's attack.
You feel strangely stable.
Your magical effects are unravelling.
You feel magically purged.
The sentinel's mark upon you fades away.
You block the spark wasp's attack.
You feel better. You block the spark wasp's attack. x2
You miss the spark wasp. You tail-slap the spark wasp.
You kill the spark wasp!
Okawaru accepts your kill. The spark wasp stings you.
* * * LOW HITPOINT WARNING * * *
The spark wasp shocks you. You resist.
* * * LOW HITPOINT WARNING * * *
The spark wasp attacks as you move away!
You block the spark wasp's attack.
The sphinx mumbles some strange words.
Something smites you!
* * * LOW HITPOINT WARNING * * *
The spark wasp barely misses you.
The sphinx casts a spell.
Something smites you!
* * * LOW HITPOINT WARNING * * *
You block the spark wasp's attack. As you open the door, it creaks loudly!
You block the spark wasp's attack.
The sphinx mumbles some strange words.
Something smites you!
* * * LOW HITPOINT WARNING * * *
You block the spark wasp's attack.
There is an open door here.
The spark wasp attacks as you move away!
You block the spark wasp's attack. The spark wasp stings you!
You die...

#...................(.....#
#........................##
#................=......#####
#.....................#..#♣.^
#.##'##.............#.#..#.#.
##8.8#####......#..###..#(.^
##.....##.........#.#.# ##?#.
##8...yH8##.##....#.#.# #:.^
##.........##.@...###..# #[#.
#8.........8#y.....#...# #?.R
+...........'....).....#####(#g
#8.........8#..........#.#.#$.R
##....^....##..............#.#.
##8.....8##...)...........#♣.^
..##.....##................####
#..##8.8##...................#
#..##'##.......#............#


You could see a spark wasp.

Vanquished Creatures
  Vashnia (Arena)
  Nikola (Snake:4)
  A tentacled monstrosity (Depths:1)
  Mlioglotl (Arena)
  A titan (Depths:1)
  Jorgrun (Swamp:1)
  3 thorn hunters (Swamp:3)
  Donald (Swamp:3)
  A tengu reaver (Depths:1)
  A storm dragon (Depths:1)
  14 nagarajas
  A fire giant (Depths:1)
  3 frost giants (Depths:1)
  Aizul (Swamp:3)
  2 orc warlords (Orc:1)
  An iron dragon (Depths:1)
  A very ugly thing (D:15)
  2 stone giants (Depths:1)
  A vampire knight (Depths:1)
  4 eleionomae
  4 bunyips
  A spark wasp (Depths:1)
  A minotaur (Gauntlet)
  4 dire elephants (Lair:5)
  3 ettins (Depths:1)
  Snorg (Lair:3)
  A great orb of eyes (D:15)
  Josephine (D:12)
  3 salamander tyrants (Snake:4)
  10 hydras
  A rakshasa (D:15)
  2 catoblepae
  An ice dragon (Depths:1)
  8 centaur warriors
  4 anacondas
  5 boulder beetles
  A spriggan air mage (Depths:1)
  3 two-headed ogres
  6 alligators
  2 death knights
  A deep troll shaman (Depths:1)
  The ghost of maded the Thaumaturge, a novice MeTm of Wu Jian (D:9)
  6 naga warriors
  4 tengu warriors
  3 death yaks (Lair:5)
  A shock serpent (shapeshifter) (D:14)
  3 dancing weapons (Elf:1)
  9 shock serpents
  A deep troll earth mage (Depths:1)
  4 orc high priests (Orc:2)
  11 naga sharpshooters
  Sonja (Lair:3)
  8 salamander mystics
  3 deep elf knights (Elf:1)
  Amaemon (Lair:3)
  A spectral death yak (Lair:5)
  2 iron trolls (Depths:1)
  7 deep trolls
  4 sea snakes (Snake:1)
  3 fire crabs
  A spectral anaconda (Lair:5)
  2 goliath frogs
  Lodul (D:11)
  A flayed ghost (Depths:1)
  5 naga ritualists
  An obsidian statue (Lair:5)
  5 swamp dragons
  9 bog bodies
  A spriggan druid (Swamp:3)
  2 lindwurms
  5 deep elf archers (Elf:1)
  13 deep elf zephyrmancers (Elf:1)
  4 necromancers (Lair:5)
  9 deep elf pyromancers
  2 manticores
  11 salamanders
  4 orc knights (Orc:1)
  4 orc sorcerers
  10 ugly things
  8 mana vipers
  2 will-o-the-wisps
  8 cyclopes
  A salamander (shapeshifter) (D:13)
  18 elephants
  26 naga magi
  27 black mambas
  A water nymph (shapeshifter) (D:13)
  9 guardian serpents
  2 dire elephant skeletons (Lair:5)
  A smoke demon (Gauntlet)
  Maggie (D:8)
  A gargoyle (D:6)
  An orange demon (Lair:3)
  14 cane toads
  A rime drake (Lair:4)
  A freezing wraith (D:15)
  3 komodo dragons
  An unseen horror (D:11)
  A tengu conjurer (Depths:1)
  A hellwing (Depths:1)
  A meliai (shapeshifter) (D:14)
  8 trolls
  3 polar bears
  A red devil (Gauntlet)
  A bloated husk (Swamp:2)
  7 tyrant leeches
  12 meliai
  Prince Ribbit (D:5)
  A queen bee (D:13)
  4 hornets
  A snapping turtle (shapeshifter) (D:15)
  19 blink frogs
  5 slime creatures (D:15)
  13 dream sheep
  A jumping spider (shapeshifter) (D:15)
  5 spriggans
  A shadow (D:10)
  4 wyverns
  10 wraiths
  2 fire elementals (Lair:1)
  6 fire bats
  33 yaks
  A golden eye (shapeshifter) (D:15)
  2 death yak simulacra (Lair:5)
  Grum (Lair:1)
  6 basilisks
  17 vampire mosquitoes
  3 steam dragons
  9 wargs (Orc:1)
  A spectral cane toad (Lair:5)
  11 swamp worms
  2 acid dragons
  41 nagas
  14 water moccasins
  2 hell hounds (Volcano)
  37 orc warriors
  3 black bears
  3 ice beasts
  2 sky beasts
  An elephant zombie (Lair:5)
  6 boggarts
  21 wolves
  14 ogres
  An elephant skeleton (Lair:5)
  5 centaurs
  2 kobold brigands
  16 bullfrogs
  2 necrophages
  A gnoll sergeant (D:12)
  2 scorpions
  An earth elemental (Elf:1)
  2 cane toad simulacra (Lair:5)
  10 wights
  An elephant simulacrum (Lair:5)
  27 killer bees
  6 howler monkeys
  5 electric eels
  2 crimson imps (Gauntlet)
  3 hounds
  3 jellies
  29 orc priests
  A gnoll bouda (D:5)
  4 iguanas
  23 orc wizards
  15 gnolls
  11 adders
  3 white imps
  An ufetubus (D:7)
  2 dart slugs (D:1)
  84 orcs
  10 ball pythons
  4 bats
  4 endoplasms
  2 giant cockroaches
  4 goblins
  4 hobgoblins
  3 jackals (D:1)
  22 kobolds
  3 quokkas
  2 frilled lizards
  A rat (D:2)
  6 briar patches (Swamp:3)
1059 creatures vanquished.

Vanquished Creatures (others)
  Nessos (D:15)
  An alligator (Swamp:2)
  A deep elf knight (Elf:1)
  3 deep elf pyromancers (Elf:1)
  A deep elf zephyrmancer (Elf:1)
  Joseph (D:6)
  2 black mambas
  3 bloated husks
  A swamp worm (Swamp:2)
  An orc (Orc:1)
  A bush (Lair:5)
  16 foxfires (Swamp:3)
  31 fungi
  102 plants
  35 withered plants (Lair:5)
200 creatures vanquished.

Grand Total: 1259 creatures vanquished

Notes
Turn   | Place    | Note
-------+----------+-------------------------------------------
     0 | D:1      | GreatBamboolord the Palentonga Fighter began the quest for
                  | the Orb.
     0 | D:1      | Reached XP level 1. HP: 19/19 MP: 1/1
   224 | D:1      | Reached XP level 2. HP: 25/25 MP: 2/2
   569 | D:2      | Reached XP level 3. HP: 28/31 MP: 3/3
   741 | D:2      | Identified the amulet "Vuxzoga" {RegenMP rPois rF- rCorr
                  | Str+3}
   862 | D:2      | Found Bur Linn's General Store.
   870 | D:2      | Bought a potion of curing for 42 gold pieces
   876 | D:2      | Reached XP level 4. HP: 37/37 MP: 4/4
   914 | D:2      | Reached skill level 1 in Dodging
  1437 | D:3      | Found a blossoming altar of Fedhas.
  1485 | D:3      | Found a sacrificial altar of Ru.
  1579 | D:3      | Reached XP level 5. HP: 43/44 MP: 5/5
  1860 | D:3      | Found a bloodstained altar of Trog.
  2204 | D:3      | You fall into a shaft and drop 1 floor!
  2217 | D:4      | Found an ancient bone altar of Kikubaaqudgha.
  2290 | D:4      | Noticed an ice beast
  2298 | D:4      | Killed an ice beast
  2299 | D:4      | Reached XP level 6. HP: 36/51 MP: 6/6
  2444 | D:4      | Noticed a sky beast
  2451 | D:4      | Killed a sky beast
  2452 | D:4      | Reached skill level 5 in Axes
  2585 | D:4      | Found a hazy altar of Hepliaklqana.
  2985 | D:4      | Found a staircase to the Ecumenical Temple.
  2993 | Temple   | Entered the Ecumenical Temple
  3422 | D:5      | Entered Level 5 of the Dungeon
  3516 | D:5      | Found a stormy altar of Qazlal.
  3522 | D:5      | Gained mutation: You curl defensively after being hit. (AC
                  | +7*) [Palentonga growth]
  3522 | D:5      | Reached XP level 7. HP: 40/58 MP: 7/7
  3634 | D:5      | Noticed Prince Ribbit
  3649 | D:5      | Killed Prince Ribbit
  3938 | D:5      | Reached skill level 5 in Fighting
  3938 | D:5      | Reached XP level 8. HP: 66/66 MP: 8/8
  5047 | D:6      | Noticed a gargoyle
  5054 | D:6      | Killed a gargoyle
  5235 | D:6      | Reached XP level 9. HP: 66/73 MP: 9/9
  5441 | D:6      | Found Sonir's Magic Scroll Shop.
  5445 | D:6      | Bought a scroll of silence for 142 gold pieces
  5445 | D:6      | Bought a scroll of blinking for 112 gold pieces
  5445 | D:6      | Bought a scroll of teleportation for 45 gold pieces
  5465 | D:6      | Identified the +8 trident "Concordance" {speed, rC+ rN+}
  6093 | D:7      | Found a basalt altar of Yredelemnul.
  6097 | D:7      | Noticed Joseph
  6174 | D:6      | Killed Joseph
  6175 | D:6      | Reached skill level 3 in Armour
  6182 | D:6      | Reached skill level 10 in Axes
  6398 | D:7      | Found an iron altar of Okawaru.
  6405 | D:7      | Identified the +7 falchion of Fedhas's Grace {drain, *Noise
                  | rElec rCorr Dex+3}
  6407 | D:7      | Became a worshipper of Warmaster Okawaru
  6431 | D:7      | Found a glowing silver altar of Zin.
  6499 | D:7      | Found a shimmering blue altar of Sif Muna.
  6920 | D:8      | Identified a scroll of acquirement
  6921 | D:8      | Acquired a +1 broad axe of draining
  6984 | D:8      | Reached skill level 5 in Shields
  6985 | D:8      | Reached skill level 4 in Armour
  6988 | D:8      | Reached * piety under Okawaru
  7244 | D:8      | Reached XP level 10. HP: 84/84 MP: 10/10
  7468 | D:8      | Found a staircase to the Lair.
  7483 | D:8      | Noticed Maggie
  7488 | Lair:1   | Entered Level 1 of the Lair of Beasts
  7488 | Lair:1   | Found a transporter.
  7533 | D:8      | Killed Maggie
  7656 | D:8      | Noticed a two-headed ogre
  7661 | D:8      | Killed a two-headed ogre
  7662 | D:8      | Reached skill level 5 in Armour
  7903 | D:8      | Reached ** piety under Okawaru
  8311 | Lair:1   | Noticed a cane toad
  8315 | Lair:1   | Killed a cane toad
  8327 | Lair:1   | Noticed a black mamba
  8329 | Lair:1   | Killed a black mamba
  8381 | Lair:1   | Identified the +6 morningstar of the Uplifting Firefly
                  | {pain, rF++}
  8384 | Lair:1   | Noticed a cane toad
  8391 | Lair:1   | Killed a cane toad
  8455 | Lair:1   | Noticed Grum
  8464 | Lair:1   | Killed Grum
  8532 | Lair:1   | Found a transporter.
  8537 | Lair:1   | Noticed a fire crab
  8541 | Lair:1   | Reached *** piety under Okawaru
  8542 | Lair:1   | Reached skill level 6 in Armour
  8666 | Lair:1   | Noticed a boulder beetle
  8669 | Lair:1   | Killed a boulder beetle
  8689 | Lair:1   | Noticed a cane toad
  8692 | Lair:1   | Killed a cane toad
  8693 | Lair:1   | Reached XP level 11. HP: 84/92 MP: 11/11
  8796 | Lair:1   | Reached **** piety under Okawaru
  8887 | Lair:1   | Noticed a catoblepas
  9275 | Lair:1   | Killed a catoblepas
  9595 | Lair:2   | Reached ***** piety under Okawaru
  9598 | Lair:2   | Reached skill level 7 in Armour
  9684 | Lair:2   | Found a staircase to the Snake Pit.
  9844 | Lair:2   | Received a gift from Okawaru
 10176 | Lair:2   | Found a staircase to the Swamp.
 10215 | Lair:2   | Noticed a six-headed hydra
 10225 | Lair:2   | Killed a six-headed hydra
 10226 | Lair:2   | Reached skill level 1 in Invocations
 11792 | Lair:3   | Noticed Snorg
 11802 | Lair:3   | Killed Snorg
 11803 | Lair:3   | Reached XP level 12. HP: 101/101 MP: 13/13
 11900 | Lair:3   | Noticed Sonja
 11918 | Lair:3   | Killed Sonja
 12211 | Lair:3   | Noticed Amaemon
 12218 | Lair:3   | Reached skill level 8 in Armour
 12228 | Lair:3   | Killed Amaemon
 13061 | Lair:4   | Noticed a boulder beetle
 13100 | Lair:4   | Noticed a six-headed hydra
 13130 | Lair:4   | Found a runed translucent door.
 13133 | Lair:4   | Identified the +5 spear "Buvall" {holy, *Rage Str+4 Dex+9}
 13135 | Lair:4   | Noticed Deankoak's ghost (journeyman DrCK)
 13302 | Lair:4   | Killed a six-headed hydra
 13356 | Lair:4   | Identified the ring "Dovimnot" {Fly rN+}
 13550 | Lair:4   | Killed a boulder beetle
 13551 | Lair:4   | Reached skill level 10 in Fighting
 13865 | Lair:4   | Identified the +4 hand crossbow of the Maze {penet, rPois
                  | rC+} (Okawaru gifted it to you on level 4 of the Lair of
                  | Beasts)
 13865 | Lair:4   | Received a gift from Okawaru
 13924 | Lair:4   | Reached skill level 15 in Axes
 14014 | Lair:4   | Found a staircase to the Slime Pits.
 14179 | Lair:4   | Reached XP level 13. HP: 61/111 MP: 16/16
 14952 | Lair:1   | Identified the +0 steam dragon scales of Past Mistakes
                  | {Dex+4}
 15248 | Lair:5   | Entered Level 5 of the Lair of Beasts
 15250 | Lair:5   | Identified the +0 chain mail of Fetut {Fly Will+ Int+3}
 15752 | Lair:5   | Reached skill level 5 in Invocations
 15760 | Lair:5   | Received a gift from Okawaru
 16124 | Lair:5   | Noticed a dire elephant
 16124 | Lair:5   | Noticed a dire elephant
 16125 | Lair:5   | Noticed a dire elephant
 16137 | Lair:5   | Reached ****** piety under Okawaru
 16141 | Lair:5   | Reached skill level 9 in Armour
 16299 | Lair:5   | Acquired the ring "Nuluet Ibyup" {+Blink rElec rCorr MP+9
                  | Int-2}
 16766 | Lair:5   | Noticed a dire elephant
 16775 | Lair:5   | Killed a dire elephant
 17203 | Lair:5   | Identified the +6 falchion of Hospitality {protect, Contam
                  | rF+ Dex+5} (Okawaru gifted it to you on level 5 of the Lair
                  | of Beasts)
 17203 | Lair:5   | Received a gift from Okawaru
 17243 | Lair:5   | Identified the +10 mace "Retujapi" {vorpal, rC+ rCorr
                  | Int+6}
 17592 | Lair:5   | Killed a dire elephant
 17597 | Lair:5   | Gained mutation: You are covered in fur. (AC +1) [potion of
                  | mutation]
 17597 | Lair:5   | Gained mutation: You are partially covered in large bone
                  | plates. (SH +4) [potion of mutation]
 17959 | Lair:5   | Killed a dire elephant
 17960 | Lair:5   | Reached XP level 14. HP: 88/112 MP: 18/18
 18684 | D:9      | Noticed maded's ghost (novice MeTm)
 18685 | D:9      | Found a runed translucent gate.
 18685 | D:9      | Found a runed translucent gate.
 18685 | D:9      | Found a runed translucent gate.
 18706 | D:9      | Killed maded's ghost
 18932 | D:9      | Identified the +11 short sword "Sarcophage" {vorpal, Will+}
 19084 | D:9      | Found Hivuar's General Store.
 19094 | D:9      | Bought a ring of poison resistance for 260 gold pieces
 19653 | D:10     | Entered Level 10 of the Dungeon
 19748 | D:10     | Received a gift from Okawaru
 19954 | D:10     | Found a shadowy altar of Dithmenos.
 20879 | D:11     | Found a staircase to the Orcish Mines.
 21045 | D:11     | Noticed Lodul
 21054 | D:11     | Killed Lodul
 21661 | Orc:1    | Entered Level 1 of the Orcish Mines
 21692 | Orc:1    | Found a dark tunnel.
 21702 | Volcano  | Entered a volcano
 22426 | Orc:1    | Noticed an orc warlord
 23183 | Orc:1    | Noticed an orc warlord
 23541 | Orc:2    | Entered Level 2 of the Orcish Mines
 23990 | Orc:2    | Identified the +0 barding of Dishonour {rC+++ Will+ rCorr
                  | Int-5} (Okawaru gifted it to you on level 2 of the Orcish
                  | Mines)
 23990 | Orc:2    | Received a gift from Okawaru
 24000 | Orc:2    | Reached skill level 10 in Armour
 24013 | Orc:2    | Found Quwe's Armour Boutique.
 24022 | Orc:2    | Found Axtufac's Antique Weapon Boutique.
 24022 | Orc:2    | Found Inleqenk's Antique Weapon Shop.
 24023 | Orc:2    | Found Peexuub's Jewellery Shop.
 24775 | Orc:2    | Found a staircase to the Elven Halls.
 25256 | Orc:1    | Killed an orc warlord
 25564 | Orc:1    | Killed an orc warlord
 25825 | D:12     | Noticed Josephine
 25843 | D:12     | Killed Josephine
 25844 | D:12     | Reached XP level 15. HP: 130/130 MP: 20/20
 27591 | D:13     | Found a shimmering blue altar of Sif Muna.
 28064 | D:13     | Found a gate to the Vaults.
 28338 | D:14     | Identified the +3 plate armour of Nighyod {Will+ rCorr}
                  | (Okawaru gifted it to you on level 14 of the Dungeon)
 28338 | D:14     | Received a gift from Okawaru
 29373 | D:14     | Found a stormy altar of Qazlal.
 29407 | D:14     | Found Padamm's Tremendous Tomes.
 29890 | Snake:1  | Entered Level 1 of the Snake Pit
 30430 | Snake:1  | Reached skill level 11 in Armour
 31276 | Snake:1  | Noticed a nagaraja
 31286 | Snake:1  | Killed a nagaraja
 31286 | Snake:1  | Received a gift from Okawaru
 32162 | Snake:2  | Noticed a nagaraja
 32170 | Snake:2  | Killed a nagaraja
 32599 | Snake:2  | Reached XP level 16. HP: 134/143 MP: 22/22
 34287 | Snake:3  | Reached skill level 10 in Shields
 34371 | Snake:3  | Reached skill level 15 in Fighting
 34477 | Snake:3  | Found an opulent altar of Gozag.
 34631 | Snake:3  | Found a runed translucent door.
 35488 | Snake:3  | Received a gift from Okawaru
 35512 | Snake:3  | Reached skill level 10 in Invocations
 35730 | Snake:4  | Entered Level 4 of the Snake Pit
 35734 | Snake:4  | Noticed Vashnia
 35741 | Arena    | Entered the Arena
 35756 | Arena    | Killed Vashnia
 35757 | Arena    | Reached skill level 12 in Armour
 36196 | Snake:4  | Noticed Nikola
 36230 | Snake:4  | Killed Nikola
 36329 | Snake:4  | Found Apik Cur's Antique Armour Shoppe.
 36345 | Snake:4  | Bought the -2 hat of the Alchemist {rElec rPois rF+ rC+ rN+
                  | Will+ rMut rCorr} for 1085 gold pieces
 36345 | Snake:4  | Found the -2 hat of the Alchemist {rElec rPois rF+ rC+ rN+
                  | Will+ rMut rCorr}
 37816 | Snake:3  | Reached XP level 17. HP: 102/154 MP: 24/24
 38187 | Snake:3  | Acquired a manual of Translocations
 38199 | Snake:3  | Reduced skill Axes to level 15
 38199 | Snake:3  | Reached skill level 17 in Armour
 38199 | Snake:3  | Upgraded the game from 0.30-a0-4-ga7cffc901d to
                  | 0.30-a0-241-g1121274140
 38256 | Snake:4  | Identified the +2 barding of the Lizard {rC+ rCorr Str-2
                  | Stlth+} (Okawaru gifted it to you on level 4 of the Snake
                  | Pit)
 38256 | Snake:4  | Received a gift from Okawaru
 38645 | Arena    | Entered the Arena
 39009 | Snake:3  | Reached skill level 15 in Fighting
 39551 | Snake:4  | Got a serpentine rune of Zot
 39728 | Swamp:1  | Entered Level 1 of the Swamp
 39729 | Swamp:1  | You are sucked into a shaft and drop 1 floor!
 40147 | Swamp:1  | Noticed Jorgrun
 40201 | Swamp:1  | Killed Jorgrun
 40618 | Swamp:1  | Reached skill level 18 in Armour
 41729 | Swamp:3  | Noticed Donald
 41784 | Swamp:3  | Received a gift from Okawaru
 41784 | Swamp:3  | Found the +8 mithril axe "Arga" {speed, Will+}
 42338 | Swamp:3  | Killed Donald
 42608 | Swamp:3  | Noticed Aizul
 42625 | Swamp:3  | Killed Aizul
 42814 | Swamp:3  | Noticed Mlioglotl
 42818 | Arena    | Entered the Arena
 42832 | Arena    | Killed Mlioglotl
 43296 | Swamp:4  | Entered Level 4 of the Swamp
 43717 | Snake:4  | Bought a glowing plate armour for 598 gold pieces
 44664 | D:15     | Entered Level 15 of the Dungeon
 44733 | D:15     | Found a gate leading to a gauntlet.
 44740 | Gauntlet | Entered a Gauntlet
 44740 | Gauntlet | Found a transporter.
 44740 | Gauntlet | Found a transporter.
 44755 | Gauntlet | Found a transporter.
 44756 | Gauntlet | Found a transporter.
 44763 | Gauntlet | Found a transporter.
 44766 | Gauntlet | Found a transporter.
 44774 | Gauntlet | Found a transporter.
 44794 | Gauntlet | Found a transporter.
 44812 | Gauntlet | Found a transporter.
 44816 | Gauntlet | Found a transporter.
 44826 | Gauntlet | Found a transporter.
 44828 | Gauntlet | Found a transporter.
 44864 | Gauntlet | Found a runed translucent door.
 45095 | Gauntlet | Got Jough's Compilation of Mutagenic Damage Dealing
 45114 | Gauntlet | Reached XP level 18. HP: 148/177 MP: 25/25
 45131 | Gauntlet | Got the Treatise on Gathered Calefaction
 45278 | Gauntlet | Identified the ring "Iwnu" {MP+9 Str+4 SInv}
 45628 | D:15     | Found a staircase to the Depths.
 45761 | D:15     | Received a gift from Okawaru
 46429 | D:15     | Noticed Nessos
 46435 | D:15     | Killed Nessos
 46576 | Elf:1    | Entered Level 1 of the Elven Halls
 47560 | Elf:1    | Found a flickering gateway to a bazaar.
 47583 | Elf:1    | Noticed a Tzitzimitl
 47593 | Bazaar   | Entered a bazaar
 47593 | Bazaar   | Found Cefaz's Armour Boutique.
 47594 | Bazaar   | Found Xoiny's Distillery.
 47858 | Bazaar   | Bought a potion of curing for 21 gold pieces
 47858 | Bazaar   | Bought a potion of curing for 21 gold pieces
 47858 | Bazaar   | Bought a potion of heal wounds for 35 gold pieces
 47858 | Bazaar   | Bought a potion of might for 28 gold pieces
 47858 | Bazaar   | Bought a potion of mutation for 56 gold pieces
 47858 | Bazaar   | Bought a potion of haste for 70 gold pieces
 47858 | Bazaar   | Bought a potion of resistance for 70 gold pieces
 47861 | Bazaar   | Found Poiggiy's Assorted Antiques.
 47868 | Bazaar   | Bought a potion of haste for 290 gold pieces
 47902 | Bazaar   | Found Founnasar's General Store.
 47927 | Bazaar   | Bought a potion of lignification for 51 gold pieces
 47985 | Elf:1    | HP: 1/177 [blizzard demon/the air[a deep elf demonologist]
                  | (24)]
 48471 | Depths:1 | Entered Level 1 of the Depths
 48471 | Depths:1 | Found a one-way gateway to a ziggurat.
 48567 | Depths:1 | Found a runed translucent gate.
 48756 | Depths:1 | Reached skill level 15 in Shields
 49486 | Depths:1 | Identified the +4 ring mail of Distant Shores {rF+}
 49523 | Depths:1 | Noticed a tentacled monstrosity
 49532 | Depths:1 | Killed a tentacled monstrosity
 49532 | Depths:1 | Received a gift from Okawaru
 49620 | Depths:1 | Found a runed translucent gate.
 49620 | Depths:1 | Found a runed translucent gate.
 49625 | Depths:1 | Noticed Ceefagg's ghost (adept MiGl)
 49700 | Depths:1 | Found a one-way gate leading to the halls of Pandemonium.
 49852 | Depths:1 | HP: 4/179 [sphinx/divine providence (15)]
 49855 | Depths:1 | Slain by a spark wasp

Illustrated notes

Levels and vault maps discovered:
D:1:      ebering_trefoil_twist, layout_rooms, minmay_strange_pillars
D:2:      layout_rooms, serial_shops, shop
D:3:      layout_basic, amcnicky_altar_gilded, trog_three_pillars_becter,
          fedhas_altar_fruit_tree
D:4:      layout_basic, kennysheep_mini_moat, kiku_gazebo_garden_becter,
          minmay_temple_entry_wispy
D:5:      layout_gridville, mainiacjoe_overflow_paths, uniq_prince_ribbit1
D:6:      layout_loops_ring, serial_shops, nicolae_shop_hallway_plus
D:7:      layout_basic, lemuel_crystal_altar, okawaru_ov_weapons_minmay,
          mainiacjoe_overflow_brackets, mainiacjoe_overflow_chevrons,
          nicolae_elevator_lobby_plus, uniq_joseph
D:8:      layout_basic, lair_entry_dummy, uniq_maggie
D:9:      layout_loops_corners, gammafunk_ghost_split, serial_shops, shop
D:10:     kennysheep_big_flooded_room, layout_long_grid,
          mainiacjoe_overflow_alcove_2, roderic_filled_cross, kennysheep_donut
D:11:     layout_stronghold, orc_0_dummy, uniq_lodul
D:12:     layout_roguey, corexii_checkpoint_a, uniq_josephine
D:13:     layout_roguey [special_room_bee], david_vaults_4, serial_bayou,
          serial_bayou_lagoon_a, serial_bayou_pond_c, serial_bayou_shore_a,
          serial_bayou_pond_d, nicolae_sif_muna_little_library
D:14:     layout_gridville, minmay_crystal_water, nicolae_shop_i_like_big_books,
          nicolae_qazlal_general_emergency
D:15:     gammafunk_enter_depths_forms, layout_irregular_city,
          gauntlet_entry_generic, minmay_misc_feat_rows, st_stairs_2,
          uniq_nessos
Temple:   bh_familiar_temple
Lair:1:   gammafunk_cloud_chamber, layout_regular_city, uniq_grum
Lair:2:   layout_layer_cave, swamp_mist, guppyfry_snake_entry_garden,
          lemuel_fruit_tree
Lair:3:   layout_cave_pods, grunt_megastairs_2, infiniplex_staircase_pool,
          uniq_snorg, uniq_amaemon, uniq_sonja
Lair:4:   layout_gridlike, minmay_slime_entry_oklob_open,
          ebering_ghost_funeral_grove, lemuel_fruit_fields
Lair:5:   due_jungle_book, layout_loops_ring
Swamp:1:  layout_basic_swamp, serial_swamp_ruin, evilmike_swamp_ruin_house_2,
          hangedman_swamp_ruin_hall, hangedman_swamp_ruin_wall, swamp_pool4,
          cheibrodos_swamp_minitomb, uniq_jorgrun
Swamp:2:  layout_basic_swamp, evilmike_swamp_ruin_house_3
Swamp:3:  layout_basic_swamp, evilmike_swamp_ruin_wall, uniq_mlioglotl,
          uniq_aizul, uniq_donald
Swamp:4:  swamp_alternative, layout_basic_swamp, swamp_pool5,
          nicolae_swamp_feature_on_the_river_bank
Snake:1:  layout_layer_cave, nicolae_snake_snake_lake, guppyfry_library_mini
Snake:2:  dpeg_oklob_gauntlet, layout_layer_cave, serial_bayou_pond_e
Snake:3:  layout_cave_town, basic_altar, lightli_airlock
Snake:4:  snake_hunt, layout_cave_town, serial_shops, shop_coins,
          grunt_megastairs_1, uniq_vashnia, uniq_nikola
Orc:1:    layout_caves, nicolae_volcano_entry_two_sided, minmay_orc_treasury
Orc:2:    st_orc_mages, layout_caves, nicolae_orc_damp_corner
Elf:1:    elf_arrival_002, layout_geoelf_octagon, serial_shops, bzr_entry_water,
          minmay_elf_sorcery, dk_noncrumbling_2, minivault_20
Depths:1: layout_big_octagon, enter_ziggurat_d, grunt_pan_entry_zigzag,
          gammafunk_ghost_tricky_traps, dk_noncrumbling_4, serial_sigils,
          serial_sigils_hangedman_gnaw, serial_sigils_hangedman_leer,
          serial_sigils_hangedman_writhe, serial_sigils_hangedman_quiver,
          lightli_too_deep, minmay_evil_grid

Skill      XL: |  1  2  3  4  5  6  7  8  9 10 11 12 13 14 15 16 17 18 |
---------------+-------------------------------------------------------+-----
Shields        | 3 4 5 6 7 9 11 14 15 | 15.2
Axes           | 3 4 5 7 9 10 12 13 15 16 18 15 17 | 17.0
Dodging        | 1 2 3 2 3 |  3.4
Fighting       | 4 5 6 7 9 10 11 12 14 15 15 16 | 16.6
Armour         | 4 6 7 8 9 10 11 12 18 | 18.6
Invocations    | 2 4 6 7 9 10 9 |  9.6

Action                   |  1- 3 |  4- 6 |  7- 9 | 10-12 | 13-15 | 16-18 || total
-------------------------+-------+-------+-------+-------+-------+-------++-------
Melee: War axe           |    81 |   107 |   144 |       |       |       ||   332
       Tailslap          |     7 |    13 |    26 |    54 |   219 |   279 ||   598
       Trident           |       |       |    40 |    14 |    99 |       ||   153
       Broad axe         |       |       |    35 |   350 |  1232 |  1393 ||  3010
       Morningstar       |       |       |       |       |    34 |       ||    34
       Mace              |       |       |       |       |       |    36 ||    36
Throw: Boomerang         |       |       |       |     1 |       |       ||     1
Invok: Heroism           |       |       |       |     3 |     1 |     6 ||    10
       Finesse           |       |       |       |       |     1 |     2 ||     3
       Duel              |       |       |       |       |       |     3 ||     3
 Abil: No ability        |    24 |    27 |    46 |    82 |   196 |    63 ||   438
Evoke: Wand              |       |       |       |     1 |     1 |     4 ||     6
  Use: Scroll            |       |     4 |     8 |    10 |    16 |    11 ||    49
       Potion            |       |       |       |     2 |    10 |    24 ||    36
Armor: Scale mail        |    42 |    46 |    89 |   197 |    12 |       ||   386
       Chain mail        |       |       |       |       |   421 |   483 ||   904
       Skin              |       |       |       |       |     1 |       ||     1
       Plate armour      |       |       |       |       |       |   119 ||   119
Dodge: Dodged            |    21 |    22 |    58 |   118 |    99 |   150 ||   468
       Repelled          |       |       |       |       |     6 |    21 ||    27
Block: Buckler           |     5 |       |       |       |       |       ||     5
       Kite shield       |    15 |    36 |    97 |   179 |   930 |  1286 ||  2543
       Reflection        |       |       |       |       |    46 |   120 ||   166

Table legend: (Time is in decaauts)
 A = Elapsed time spent in this place.
 B = Non-inter-level travel time spent in this place.
 C = Inter-level travel time spent in this place.
 D = Time resting spent in this place.
 E = Time spent auto-exploring this place.
 F = Levels seen in this place.
 G = Mean time per level.
                   A        B        C        D        E       F      G
               +--------+--------+--------+--------+--------+-----+--------+
         Total |  49489 |  46161 |   3328 |  11635 |  27163 |  39 | 1268.9 |
       Dungeon |  16787 |  15372 |   1415 |   1638 |  11592 |  15 | 1119.1 |
        Temple |    237 |    156 |     81 |      0 |      9 |   1 |  237.0 |
          Lair |  10641 |   9933 |    708 |   2933 |   5527 |   5 | 2128.2 |
         Swamp |   4458 |   4139 |    319 |   1290 |   2092 |   4 | 1114.5 |
     Snake Pit |   9937 |   9342 |    595 |   3325 |   4978 |   4 | 2484.2 |
  Orcish Mines |   4030 |   3856 |    174 |   1582 |   1627 |   2 | 2015.0 |
   Elven Halls |    623 |    589 |     34 |    122 |    284 |   1 |  623.0 |
        Depths |   1293 |   1293 |      0 |    162 |    820 |   1 | 1293.0 |
        Bazaar |    344 |    344 |      0 |    240 |      0 |   1 |  344.0 |
       Volcano |    309 |    309 |      0 |     73 |    107 |   1 |  309.0 |
      Gauntlet |    748 |    748 |      0 |    234 |    127 |   1 |  748.0 |
         Arena |     75 |     75 |      0 |     35 |      0 |   3 |   25.0 |
               +--------+--------+--------+--------+--------+-----+--------+

Top non-repeatable levels by time:
 Snake:3: 3039 daAuts
  Lair:5: 2950 daAuts
 Snake:4: 2566 daAuts
   Orc:1: 2365 daAuts
 Snake:1: 2225 daAuts
  Lair:4: 2185 daAuts
 Snake:2: 2105 daAuts
 Swamp:3: 2087 daAuts
  Lair:3: 1939 daAuts
  Lair:2: 1830 daAuts
  Lair:1: 1735 daAuts
    D:11: 1685 daAuts
   Orc:2: 1665 daAuts
    D:14: 1575 daAuts
     D:5: 1510 daAuts
